[Event "Live Chess"]
[Site "Chess.com"]
[Date "2023.05.21"]
[Round "-"]
[White "Cimon"]
[Black "1600x"]
[Result "0-1"]
[WhiteElo "1874"]
[BlackElo "1835"]
[TimeControl "300"]
[EndTime "16:42:26 PDT"]
[Termination "1600x won on time"]

1. Nf3 e5 2. Nxe5 Bd6 3. Nf3 Nf6 4.
Nc3 Bb4 5. d3 Bd6 6. e4 Qe7 7. Be2 b6 8. O-O O-O 9. Bg5 Bb7 10. h3 c6 11. d4 h6 12. Bh4 g5 13.
e5 gxh4 14. exd6 Qxd6 15. Nxh4 Nd5 16. Nxd5 cxd5 17. Nf5 Qf6 18. Bd3 Kh8 19. Qd2 Ba6 20. Rfe1 Bxd3 21. Qxd3 Rd8 22. Re3 Nc6 23. c3 a5 24.
Rae1 a4 25. Rf3 Rg8 26. Qd2 Qg5 27. Qxg5 hxg5 28. Nd6 Rg6 29. Nxf7+ Kg8 30. Ne5 Nxe5 31. Rxe5 a3 32. b3 d6 33. Rxd5 Kg7 34. Kf1 Rd8 35. Rb5 d5 36. Re3 Rf6 37. Re7+ Kg6 38. Rb7 Rc8 39.
R7xb6 Rxc3 40. Rxf6+ Kxf6 41. Ra5 Rc1+ 42. Ke2 Rc2+ 43.
Kf3 Rxa2 44. Ra6+ Kf7 45. b4 Rb2 46. Rxa3 Rxb4 47. Ke3 Ke6 48. g3 Kf5 49. f3 Rb8 50.
g4+ Kf6 51. Ra6+ Kf7 52. Kf2 Rb2+ 53. Kg3 Rb4 54. h4 gxh4+ 55. Kxh4 Rxd4 56. Kg5 Rd2 57. f4 d4 58. f5 Rd1 59. Ra7+ Ke8 60. Kf6 d3 61. g5 Rc1 62. Ra8+ Kd7 63. g6 d2 64. g7 Rg1 65. Ra7+ Kd6 66. Ra6+ Kc5 67. Kf7 d1=Q 68. g8=Q Qd7+ 69. Kf6 Rxg8 0-1

[Event "Live Chess"]
[Site "Chess.com"]
[Date "2023.05.21"]
[Round "-"]
[White "DaveL5678"]
[Black "toog"]
[Result "0-1"]
[WhiteElo "1011"]
[BlackElo "2582"]
[TimeControl "300"]
[EndTime "16:42:37 PDT"]
[Termination "toog won by checkmate"]

1. e4 c5 2. b3 Nc6 3. Bb2 Nf6 4.
f3 d5 5. Bb5 dxe4 6. Bxf6 gxf6 7. fxe4 Rg8 8. g3 Bd7 9. Nc3 Nd4 10. Bxd7+ Qxd7 11. d3 f5 12. Nge2 Nf3+ 13. Kf2 Ne5 14. Rf1 Bg7 15. Rc1 Ng4+ 16. Kf3 Nxh2+ 17. Kg2 Ng4 18. Qd2 Bh6 19. Nf4 e5 20. Ncd5 exf4 21.
gxf4 Ne3+ 22. Kf3 Nxd5 23. exd5 Qxd5+ 24. Ke2 Rg2+ 25. Kd1 Rxd2+ 26. Kxd2 Qg2+ 27. Ke1 O-O-O 28. Rf2 Re8+ 29. Kd2 Qxf2+ 30. Kc3 Qd4+ 31. Kd2 Bxf4+ 32. Kd1 Qg1# 0-1

[Event "Live Chess"]
[Site "Chess.com"]
[Date "2023.05.21"]
[Round "-"]
[White "sanjesh_ananda"]
[Black "grillage"]
[Result "0-1"]
[WhiteElo "1266"]
[BlackElo "1838"]
[TimeControl "300"]
[EndTime "16:42:54 PDT"]
[Termination "grillage won on time"]

1. e4 d5 2. exd5 Qxd5 3. Nc3 Qd8 4. Nf3 Nf6 5. Bc4 a6 6. O-O Bg4 7. h3 Bxf3 8. Qxf3 Nc6 9. Ne4 e6 10. c3 Ne5 11. Nxf6+ Qxf6 12. Qxb7 Qd8 13. Bxa6 Rb8 14. Bb5+ Nd7 15. Bxd7+ Kxd7 16. Qf3 f6 17. b4 Bd6 18. d4 Ke7 19. a4 g5 20. a5 h5 21. a6 Qg8 22. Re1 Kf7 23. a7 Ra8 24. b5 g4 25. hxg4 hxg4 26. Qc6 Qh7 27. Qd7+ Be7 28.
Qxe6+ Kf8 29. Kf1 Qh1+ 30. Ke2 Qxg2 31. Kd1 Qf3+ 32. Kc2 Rh2 33. Qxe7+ Kg8 34. Qe6+ Kg7 35. Qe7+ Kg6 36. Kb1 Qxf2 37. Qe4+ Kg7 0-1

[Event "Live Chess"]
[Site "Chess.com"]
[Date "2023.05.21"]
[Round "-"]
[White "LiamBellwood"]
[Black "flyingpuffins"]
[Result "0-1"]
[WhiteElo "2051"]
[BlackElo "1974"]
[TimeControl "300"]
[EndTime "16:43:04 PDT"]
[Termination "flyingpuffins won by resignation"]

1. d4 d5 2. Nc3 Nf6 3. Bf4 a6 4.
e3 c5 5. dxc5 Nc6 6. a3 e5 7.
Bg5 Bxc5 8. Bxf6 Qxf6 9. Nxd5 Qd6 10. e4 O-O 11. Bc4 b5 12. Ba2 Be6 13. Ne2 Rad8 14. Nec3 Kh8 15. O-O f5 16. Re1 f4 17. b4 Ba7 18. Qh5 f3 19. Rad1 Nd4 20. g3 Rc8 21. Rd2 Rxc3 22. Nxc3 Bxa2 23. Nxa2 Ne2+ 24. Rexe2 fxe2 25. Qxe2 Rxf2 26. Rxd6 Rxe2+ 27. Kh1 h5 28. Rd7 Bd4 29.
c3 Be3 30. Rd8+ Kh7 31. c4 Rxa2 32. cxb5 axb5 33. Rd5 Rxa3 34. Rxb5 Bd4 35. Rb6 Rb3 36. Rb7 Kg6 37. Kg2 Rb2+ 38. Kh3 Kf6 39. Rd7 Ke6 40. Rxg7 Rxb4 41. Rg6+ Kf7 42. Rh6 h4 43. Rd6 hxg3 44. Rd7+ Ke6 45. hxg3 Kxd7 0-1

[Event "Live Chess"]
[Site "Chess.com"]
[Date "2023.05.21"]
[Round "-"]
[White "Hussamalhaidar"]
[Black "chessfiction"]
[Result "0-1"]
[WhiteElo "1039"]
[BlackElo "2331"]
[TimeControl "300"]
[EndTime "16:43:13 PDT"]
[Termination "chessfiction won by checkmate"]

1. b3 d5 2. Bb2 Bg4 3. h3 Bh5 4. Nf3 Nc6 5. Nc3 e5 6. e3 Nf6 7. g4 Bg6 8. Nh4 d4 9. Nxg6 hxg6 10.
exd4 exd4 11. Qe2+ Be7 12. Ne4 O-O 13. Nxf6+ Bxf6 14.
Qc4 Ne5 15. Qa4 Nf3+ 16. Kd1 Qd5 17. Bg2 Rfe8 18. Qc4 Qe4 19. Qd3 Qe1+ 20. Rxe1 Rxe1# 0-1

[Event "Live Chess"]
[Site "Chess.com"]
[Date "2023.05.21"]
[Round "-"]
[White "Baturin_Yevgeniy"]
[Black "blowerd"]
[Result "1-0"]
[WhiteElo "1791"]
[BlackElo "1387"]
[TimeControl "300"]
[EndTime "16:43:25 PDT"]
[Termination "Baturin_Yevgeniy won by checkmate"]

1. d4 d5 2. c3 Bf5 3. Qb3 Bxb1 4. Qxb7 Nd7 5. Rxb1 e6 6. Bf4 Bd6 7. Bxd6 cxd6 8.
Qc6 Nf6 9. Qxd6 Ne4 10. Qa3 Qf6 11. Nf3 e5 12. e3 exd4 13. cxd4 Qe7 14. Qa5 Nb6 15.
Bb5+ Nd7 16. Ne5 Nf6 17. Bxd7+ Nxd7 18. Qxd5 Qb4+ 19. Kf1 Nxe5 20. Qxa8+ Ke7 21. Qxh8 Qc4+ 22. Kg1 Nd3 23. Qxg7 Qc2 24. Qg5+ f6 25. Qg7+ Ke6 26. Rf1 Nc1 27. g3 Ne2+ 28. Kg2 Qe4+ 29. Kh3 Qf5+ 30. Qg4 Qxg4+ 31. Kxg4 f5+ 32. Kf3 Nxg3 33. hxg3 h5 34. Rxh5 a5 35. Rh6+ Kf7 36. Rc1 a4 37. Ra6 a3 38.
Rc7+ Ke8 39. Ra8# 1-0

[Event "Live Chess"]
[Site "Chess.com"]
[Date "2023.05.21"]
[Round "-"]
[White "CheckThis4"]
[Black "DerbyKnight"]
[Result "1-0"]
[WhiteElo "2541"]
[BlackElo "1546"]
[TimeControl "300"]
[EndTime "16:43:27 PDT"]
[Termination "CheckThis4 won by checkmate"]

1. d4 d5 2. Nc3 Nf6 3. e4 Nxe4 4.
Nxe4 dxe4 5. Bc4 Bf5 6. g4 Bg6 7. Ne2 c5 8. h4 h5 9. Nf4 Qxd4 10. Qe2 e5 11. Nxg6 fxg6 12. c3 Qd6 13. Bg5 Be7 14. Rd1 Qc7 15. Qxe4 Nc6 16. Qxg6+ Kf8 17. Qf7# 1-0

[Event "Live Chess"]
[Site "Chess.com"]
[Date "2023.05.21"]
[Round "-"]
[White "Olisingapore"]
[Black "wot-not"]
[Result "1-0"]
[WhiteElo "1827"]
[BlackElo "1542"]
[TimeControl "300"]
[EndTime "16:43:39 PDT"]
[Termination "Olisingapore won by resignation"]

1. d4 Nf6 2. c4 c5 3. d5 d6 4.
g3 e5 5. Nc3 Be7 6. e4 Nbd7 7.
Bg2 Nf8 8. Nge2 Ng6 9. O-O h5 10.
Bg5 h4 11. Bxh4 Nxh4 12. gxh4 Rxh4 13. Ng3 Bg4 14. Qb3 Qd7 15. f3 Bh3 16. Bxh3 Rxh3 17. a4 O-O-O 18. a5 Rdh8 19. a6 b6 20. Qb5 Rxh2 21. Qxd7+ Nxd7 22. Nb5 Kb8 23. Rf2 Rxf2 24.
Kxf2 Bh4 25. Nxd6 f6 26. Kg2 Bxg3 27. Kxg3 Rh6 28. Nf5 Rg6+ 29. Kh4 Kc7 30. d6+ Kc6 31. Ne7+ 1-0

[Event "Live Chess"]
[Site "Chess.com"]
[Date "2023.05.21"]
[Round "-"]
[White "NAZRIZ1977"]
[Black "GMHarry-youtube"]
[Result "0-1"]
[WhiteElo "2051"]
[BlackElo "2023"]
[TimeControl "300"]
[EndTime "16:43:49 PDT"]
[Termination "GMHarry-youtube won by resignation"]

1. d4 Nf6 2. Nc3 d5 3. Bf4 c5 4. e3 cxd4 5. exd4 Bg4 6. f3 Bd7 7. g4 h6 8. h4 e6 9. a4 Nc6 10.
Nb5 Rc8 11. Nd6+ Bxd6 12. Bxd6 Qa5+ 13. c3 Qb6 14. Qd2 Nxd4 15. Qxd4 Qxd6 16. Ne2 Qc5 17. Qxc5 Rxc5 18. Nf4 e5 19. Nd3 Rc6 20. Kf2 e4 21. Nb4 Re6 22. Bb5 exf3 23. g5 hxg5 24. hxg5 Rxh1 25.
Rxh1 Ne4+ 26. Kxf3 Nxg5+ 27. Kf4 Bxb5 28. axb5 f6 29.
Nxd5 Re4+ 30. Kg3 Re5 31. c4 Re4 32. b3 Rd4 33. Rh8+ Kf7 34. Rb8 Rd3+ 35. Kf4 Ne6+ 36.
Kf5 Nc5 37. b4 Rd4 38. Nxf6 g6+ 39. Ke5 Nd7+ 40. Kxd4 Nxb8 41. Ne4 Ke7 42. c5 Ke6 43. b6 Nc6+ 44. Kc4 a6 45. Nd6 Nd8 46. Nxb7 Nxb7 47. c6 Nd8 48. c7 Kd7 49. cxd8=Q+ Kxd8 50. Kd5 Kc8 51. Ke5 Kb7 52. Kf6 Kxb6 53. Kxg6 Kb5 54.
Kf5 Kxb4 55. Ke4 Kc3 0-1

[Event "Live Chess"]
[Site "Chess.com"]
[Date "2023.05.21"]
[Round "-"]
[White "Biranidun"]
[Black "1600x"]
[Result "1-0"]
[WhiteElo "2654"]
[BlackElo "1835"]
[TimeControl "300"]
[EndTime "16:44:03 PDT"]
[Termination "Biranidun won by checkmate"]

1. e4 d5 2. exd5 Qxd5 3. Nc3 Qe5+ 4. Be2 c5 5. Nf3 Qf6 6. d4 Qb6 7. Nd5 Qd8 8. dxc5 Nf6 9. Nxf6+ gxf6 10. Qxd8+ Kxd8 11. Be3 Ke8 12. O-O-O Rg8 13. Bb5+ Bd7 14. Rxd7 Nxd7 15.
Rd1 Rd8 16. Nd4 a6 17. Ba4 Rxg2 18. c6 Nc5 19. c7+ Nxa4 20. cxd8=Q+ Kxd8 21. Ne6+ Ke8 22. Rd8# 1-0

[Event "Live Chess"]
[Site "Chess.com"]
[Date "2023.05.21"]
[Round "-"]
[White "jimwad"]
[Black "Jo1ts"]
[Result "1-0"]
[WhiteElo "1216"]
[BlackElo "792"]
[TimeControl "300"]
[EndTime "16:44:06 PDT"]
[Termination "jimwad won by resignation"]

1. c4 d5 2. cxd5 Qxd5 3. Nc3 Qd8 4. Nf3 Nf6 5. d4 Bg4 6. e4 e6 7. Be2 Nbd7 8. O-O Bd6 9. e5 Bxe5 10. dxe5 Nh5 11. h3 Bxh3 12. gxh3 f6 13. exf6 Qxf6 14. Kh1 Qg6 15. Rg1 Qf5 16. Ng5 h6 17. Qd3 hxg5 18.
Qxf5 exf5 19. Bxg5 g6 20. Bxh5 Rxh5 21. h4 Ne5 22. Rae1 Kf7 23. Rxe5 Re8 24. Rxe8 Kxe8 25. Re1+ Kd7 26. Re7+ Kc6 27. Re6+ Kd7 28. Rxg6 b6 29. Rg7+ Kc8 30. Nd5 Rh8 31. Rxc7+ 1-0

[Event "Live Chess"]
[Site "Chess.com"]
[Date "2023.05.21"]
[Round "-"]
[White "karimghalambaz"]
[Black "wadsy27"]
[Result "0-1"]
[WhiteElo "1273"]
[BlackElo "2573"]
[TimeControl "300"]
[EndTime "16:44:19 PDT"]
[Termination "wadsy27 won by checkmate"]

1. d4 d5 2. Bf4 Nf6 3. e3 c5 4. c3 Nc6 5. Nd2 Bg4 6. Be2 Bxe2 7. Qxe2 e6 8. Ngf3 Bd6 9. Ne5 O-O 10. O-O Qc7 11. Ndf3 Nd7 12. Nxc6 Qxc6 13. Ne5 Nxe5 14. dxe5 Be7 15. Bg3 a5 16. f4 Qa6 17. Qd2 g6 18. Rae1 b5 19. e4 Rfd8 20. exd5 Rxd5 21. Qc2 Rad8 22. Rd1 c4 23. Rxd5 Rxd5 24. Rd1 Qa7+ 25. Kh1 Qd7 26. Rxd5 Qxd5 27. h3 h5 28. Bf2 b4 29. Bd4 Qb5 30. Kh2 h4 31. Qf2 b3 32.
a3 Bxa3 33. Qxh4 Bf8 34. g4 a4 35. f5 a3 36. fxg6 fxg6 37. Qf2 a2 38. Qe1 Qd5 39.
Qf1 Bg7 40. g5 Bxe5+ 41. Bxe5 Qxe5+ 42. Kh1 Qf5 43. Qxc4 a1=Q+ 44. Kh2 Qf2# 0-1

[Event "Live Chess"]
[Site "Chess.com"]
[Date "2023.05.21"]
[Round "-"]
[White "gmnorfolk"]
[Black "KeithArkell"]
[Result "0-1"]
[WhiteElo "2124"]
[BlackElo "2613"]
[TimeControl "300"]
[EndTime "16:44:47 PDT"]
[Termination "KeithArkell won by checkmate"]

1. d4 e6 2. c4 Bb4+ 3. Nc3 c5 4. e3 Bxc3+ 5. bxc3 f5 6. Bd3 Nf6 7. Ne2 d6 8. O-O e5 9. f3 Nc6 10. Qc2 g6 11. e4 f4 12. g3 g5 13. Kh1 Bh3 14. Rg1 Qe7 15. Rb1 O-O-O 16. Qa4 Qc7 17. Rb5 a6 18. Rb2 Rhg8 19. Qa3 Ne7 20. Bd2 g4 21. gxf4 gxf3 22. Ng3 f2 23. Rgb1 Nh5 24. Qb3 Nxf4 25. Bxf4 exf4 26. Qxb7+ Qxb7 27. Rxb7 fxg3 28. hxg3 Rxg3 29. Be2 Re3 30. Rxe7 Rxe2 31. Rbb7 f1=Q# 0-1

[Event "Live Chess"]
[Site "Chess.com"]
[Date "2023.05.21"]
[Round "-"]
[White "HoarseyHorsey"]
[Black "Conradical12"]
[Result "1/2-1/2"]
[WhiteElo "1437"]
[BlackElo "1595"]
[TimeControl "300"]
[EndTime "16:44:56 PDT"]
[Termination "Game drawn - insufficient material"]

1. d4 d5 2. c4 c6 3. cxd5 cxd5 4. Bf4 Nf6 5. e3 Nc6 6. Nf3 Bf5 7. Nc3 Rc8 8. Bb5 e6 9. Ne5 Qb6 10. Qa4 a6 11. Bxc6+ bxc6 12. O-O Bd6 13. Rac1 Bxe5 14. Bxe5 O-O 15. Bxf6 gxf6 16. b4 Kh8 17. a3 Rg8 18. Qd1 Rg7 19. g3 Rcg8 20. f3 Bh3 21. Rf2 Qb8 22. e4 dxe4 23. Nxe4 f5 24. Nf6 Rxg3+ 25. hxg3 Rxg3+ 26. Kh1 Qf4 27. Nh5 Bg2+ 28. Rxg2 Qh4+ 29. Rh2 Rh3 30. Qg1 Qxh5 31. Qg2 Rxh2+ 32. Qxh2 Qxf3+ 33. Qg2 Qh5+ 34. Kg1 Qh6 35. Qxc6 Qe3+ 36. Kg2 Qe2+ 37. Kg1 Qe3+ 38. Kh2 Qh6+ 39. Kg3 Kg7 40. Kf3 Kf6 41. Ke2 Qf4 42. Qc5 Kg6 43. Rg1+ Kf6 44. Qe5+ Qxe5+ 45. dxe5+ Kxe5 46. Rg7 f6 47. Rxh7 f4 48. Ra7 f5 49.
Rxa6 Ke4 50. Ra5 e5 51. Rb5 f3+ 52. Ke1 Ke3 53. Rxe5+ Kf4 54. b5 Kxe5 55. b6 Kd6 56. b7 Kc7 57. b8=Q+ Kxb8 58. Kf2 Kb7 59. Kxf3 Ka6 60.
Kf4 Ka5 61. Kxf5 Ka4 62. Ke4 Kxa3 1/2-1/2

[Event "Live Chess"]
[Site "Chess.com"]
[Date "2023.05.21"]
[Round "-"]
[White "JoshMcK"]
[Black "xx_blindpuffin_xx"]
[Result "0-1"]
[WhiteElo "1521"]
[BlackElo "2197"]
[TimeControl "300"]
[EndTime "16:44:59 PDT"]
[Termination "xx_blindpuffin_xx won by resignation"]

1. e4 c6 2. d4 d5 3. e5 Bf5 4. h4 Bd7 5. Be3 e6 6. Nf3 c5 7. Be2 Nc6 8. O-O Nge7 9. c4 dxc4 10. Bxc4 Nf5 11. dxc5 Nxe3 12. fxe3 Bxc5 13. Re1 Qc7 14. Nc3 Nxe5 15. Nxe5 Qxe5 16. Nb5 Rd8 17. Qb3 O-O 18.
Rad1 Bc6 19. Nd4 Qg3 20. Qc2 Bb6 21. Nxc6 bxc6 22. Rxd8 Qxe1+ 23. Kh2 Qxh4+ 0-1

[Event "Live Chess"]
[Site "Chess.com"]
[Date "2023.05.21"]
[Round "-"]
[White "laminaaprod"]
[Black "LutherSullivan"]
[Result "0-1"]
[WhiteElo "2219"]
[BlackElo "2137"]
[TimeControl "300"]
[EndTime "16:45:02 PDT"]
[Termination "LutherSullivan won by resignation"]

1. d4 Nf6 2. c4 e6 3. Nc3 d5 4. Nf3 Be7 5. e3 O-O 6. Bd3 dxc4 7. Bxc4 c5 8. O-O Nc6 9. a3 b6 10. dxc5 Bxc5 11. b4 Be7 12. Bb2 Bb7 13. Qb3 Rc8 14. Rfd1 Qc7 15. Nb5 Qb8 16. Ng5 a6 17. Nc3 Ne5 18.
Bxe6 fxe6 19. Qxe6+ Nf7 20. Na4 Rc6 21. Qb3 Ng4 22. g3 Bxg5 23. Rac1 Qe8 24. Rxc6 Qxc6 0-1

[Event "Live Chess"]
[Site "Chess.com"]
[Date "2023.05.21"]
[Round "-"]
[White "sebmoran1"]
[Black "LL220284LL"]
[Result "1/2-1/2"]
[WhiteElo "1380"]
[BlackElo "2367"]
[TimeControl "300"]
[EndTime "16:45:02 PDT"]
[Termination "Game drawn by repetition"]

1. d4 Nf6 2. c4 e6 3. Nc3 Bb4 4. g3 O-O 5. Bg2 d5 6. Nf3 dxc4 7. O-O Nc6 8. Bg5 h6 9. Bxf6 Qxf6 10. e4 Rd8 11. e5 Qe7 12. Qc2 Nxd4 13. Nxd4 Rxd4 14.
Rad1 Bxc3 15. Qxc3 Rxd1 16. Rxd1 c6 17. Qxc4 Bd7 18.
Rd6 Be8 19. f4 Rd8 20. Qd4 Rxd6 21. Qxd6 Qxd6 22. exd6 Bd7 23. Kf2 f6 24. Ke3 Kf7 25.
Kd4 b6 26. b4 g5 27. a3 Kg6 28. Be4+ Kh5 29. Bf3+ Kg6 30. Ke4 gxf4 31. gxf4 c5 32. bxc5 bxc5 33. Kd3 Kf5 34. Kc4 Kxf4 35. Bb7 e5 36.
Kxc5 Kf5 37. Bc6 Ke6 38. Bd5+ Kf5 39. Bc6 Ke6 40. Bd5+ Kf5 41. Bc6 1/2-1/2

[Event "Live Chess"]
[Site "Chess.com"]
[Date "2023.05.21"]
[Round "-"]
[White "CeladonFish"]
[Black "stevochess11"]
[Result "0-1"]
[WhiteElo "1113"]
[BlackElo "1766"]
[TimeControl "300"]
[EndTime "16:45:04 PDT"]
[Termination "stevochess11 won by checkmate"]

1. d4 c6 2. c4 f6 3. Nc3 e5 4.
dxe5 Bb4 5. exf6 Bxc3+ 6. bxc3 Qxf6 7. Bb2 Nh6 8. Nf3 O-O 9. Qb3 Kh8 10. e3 Ng4 11. h3 Ne5 12. Be2 Na6 13. O-O Nc5 14.
Qb4 d6 15. Nxe5 Qxe5 16. f4 Qxe3+ 17. Rf2 Ne4 18. Rf1 Nxf2 19. Rxf2 c5 20. Qa5 Be6 21. Qc7 Rxf4 22. Qxb7 Qxf2+ 23. Kh2 Raf8 24. Bf3 Rxf3 25. h4 Qxh4+ 26. Kg1 Rf1# 0-1

[Event "Live Chess"]
[Site "Chess.com"]
[Date "2023.05.21"]
[Round "-"]
[White "flyingpuffins"]
[Black "mattihelenius2"]
[Result "1-0"]
[WhiteElo "1974"]
[BlackElo "489"]
[TimeControl "300"]
[EndTime "16:45:10 PDT"]
[Termination "flyingpuffins won by resignation"]

1. d4 Nc6 2. d5 Nb4 3. e4 Nf6 4. a3 Na6 5. Bxa6 Nxe4 6. Nc3 Nxc3 7. bxc3 bxa6 8. Nf3 Bb7 9. c4 g6 10. O-O Bg7 11. Rb1 O-O 12. Rxb7 Qc8 13. Rb1 d6 14. Be3 Qf5 15. Nd4 Qe4 16. Qd3 Bxd4 17. Qxe4 1-0

[Event "Live Chess"]
[Site "Chess.com"]
[Date "2023.05.21"]
[Round "-"]
[White "DerbyKnight"]
[Black "peter-785"]
[Result "1-0"]
[WhiteElo "1550"]
[BlackElo "1166"]
[TimeControl "300"]
[EndTime "16:45:57 PDT"]
[Termination "DerbyKnight won by resignation"]

1. d4 d5 2. Nf3 e6 3. e3 c6 4. Bd3 Nf6 5. Nbd2 Be7 6. O-O c5 7. b3 cxd4 8. exd4 O-O 9. Bb2 a6 10. Ne5 Nbd7 11. f4 Nxe5 12. fxe5 Nd7 13. Bxh7+ Kxh7 14. Qh5+ Kg8 15. Rf3 Bg5 16. Rg3 Bh6 17. Qxh6 1-0

[Event "Live Chess"]
[Site "Chess.com"]
[Date "2023.05.21"]
[Round "-"]
[White "birdseed45"]
[Black "Hussamalhaidar"]
[Result "1-0"]
[WhiteElo "1877"]
[BlackElo "1039"]
[TimeControl "300"]
[EndTime "16:46:15 PDT"]
[Termination "birdseed45 won by resignation"]

1. e4 Nc6 2. Nf3 e5 3. d4 exd4 4. Nxd4 Bc5 5. Be3 Nxd4 6. Bxd4 Bxd4 7. Qxd4 Nf6 8. Nc3 d6 9. Bc4 O-O 10. O-O a6 11. a4 c5 12. Qd3 Re8 13. Rfe1 g6 14.
Rad1 b6 15. Qxd6 Qd7 16. Qxf6 1-0

[Event "Live Chess"]
[Site "Chess.com"]
[Date "2023.05.21"]
[Round "-"]
[White "domrobson"]
[Black "toog"]
[Result "0-1"]
[WhiteElo "1784"]
[BlackElo "2582"]
[TimeControl "300"]
[EndTime "16:46:17 PDT"]
[Termination "toog won by resignation"]

1. d4 e6 2. c4 f5 3. g3 Nf6 4.
Bg2 Be7 5. Nf3 O-O 6. O-O b6 7.
Nc3 Bb7 8. d5 a5 9. Bg5 Na6 10.
a3 Nc5 11. b4 axb4 12. axb4 Nce4 13. Bxf6 Bxf6 14. Nxe4 fxe4 15. Nd4 exd5 16. Rxa8 Qxa8 17. Nb5 c6 18. Nd6 Be7 19. Nxb7 Qxb7 20. cxd5 cxd5 21. Qd4 Rc8 22. Rd1 Rc4 23. Qxd5+ Qxd5 24. Rxd5 Bxb4 25. Rxd7 Rc1+ 26. Bf1 Bc5 27. Kg2 Rc2 28. f3 e3 29.
Rd3 b5 30. Rb3 b4 31. g4 Rc3 32. Rb1 b3 33. f4 Ba3 34. Kf3 b2 35. Bh3 Rc1 36.
Rxb2 Bxb2 37. Kxe3 Rc3+ 0-1

[Event "Live Chess"]
[Site "Chess.com"]
[Date "2023.05.21"]
[Round "-"]
[White "smoggyrabbit"]
[Black "raminguy"]
[Result "0-1"]
[WhiteElo "1739"]
[BlackElo "1967"]
[TimeControl "300"]
[EndTime "16:46:34 PDT"]
[Termination "raminguy won on time"]

1. d4 d5 2. Nf3 Nf6 3. e3 e6 4. Bd3 Be7 5. O-O O-O 6. b3 c5 7. Bb2 Nc6 8. Nbd2 cxd4 9. exd4 Re8 10. a3 Qc7 11. Ne5 b6 12. f4 Bb7 13. Rf3 Nxe5 14. fxe5 Ne4 15. Rh3 Rac8 16. Bxe4 dxe4 17. Qh5 h6 18. Rf1 Bg5 19. Nc4 Rf8 20. Bc1 Bxc1 21. Rxc1 Rcd8 22. Rg3 Kh7 23. Rf1 Rxd4 24. Rf4 b5 25.
Rxg7+ Kxg7 26. Rg4+ Kh7 27. Rh4 Rd1+ 28. Kf2 Qc5+ 29.
Ke2 Re1+ 30. Kxe1 Qg1+ 31. Kd2 Qxg2+ 32. Kc1 Qg1+ 33. Kb2 Qg6 34. Qxg6+ fxg6 35. Nd6 g5 36. Rh3 Bc6 37. Re3 Rf4 38. Rc3 Bd5 39. Rc7+ Kg6 40. Rxa7 e3 41. Ne8 e2 42. Rg7+ Kh5 43.
Nf6+ Rxf6 44. exf6 e1=Q 45. f7 Qe5+ 46. Ka2 Qxg7 47.
f8=Q Qxf8 48. c4 bxc4 49. bxc4 Bxc4+ 50. Kb2 Qc5 51. Kc2 Qb5 52. Kd2 Qb3 53. Ke1 Qxa3 54. Kd1 Qd3+ 55. Kc1 Bb3 0-1

[Event "Live Chess"]
[Site "Chess.com"]
[Date "2023.05.21"]
[Round "-"]
[White "Singapourfeuj"]
[Black "Brooms1989"]
[Result "1-0"]
[WhiteElo "2207"]
[BlackElo "1106"]
[TimeControl "300"]
[EndTime "16:46:40 PDT"]
[Termination "Singapourfeuj won by checkmate"]

1. d4 Nf6 2. Nf3 g6 3. g3 Bg7 4. Bg2 O-O 5. O-O d6 6. Nbd2 Bg4 7. h3 Bxf3 8. Nxf3 Nbd7 9. Re1 e5 10. e4 Re8 11. c3 c6 12. a4 a5 13. Bg5 h6 14.
Bd2 Qb6 15. Qc2 Rac8 16. dxe5 dxe5 17. Be3 Qc7 18. Nd2 Rcd8 19. Bf1 Nb6 20. b4 axb4 21.
cxb4 Rd7 22. a5 Nc8 23. Nc4 Red8 24. Rad1 Rxd1 25. Rxd1 Rxd1 26. Qxd1 Qd7 27. Qxd7 Nxd7 28. Kg2 f5 29. f3 fxe4 30. fxe4 Kf7 31. Be2 Ke6 32. Bg4+ Ke7 33. Bc5+ Nxc5 34. bxc5 h5 35. Bxc8 Kd8 36. Bxb7 Kc7 37. a6 Kb8 38. Na5 g5 39. Nxc6+ Kc7 40. Ne7 Kb8 41. Nf5 g4 42. Nxg7 gxh3+ 43. Kxh3 h4 44. gxh4 Ka7 45. h5 Kb8 46. c6 Kc7 47. a7 Kb6 48. a8=Q Kc5 49. c7 Kd6 50. c8=N+ Kc7 51. Ne6+ Kd7 52. Bc6+ Kxe6 53. Bd5+ Kf6 54. Qc6+ Kg5 55. Qg6+ Kf4 56. Qf5+ Ke3 57. Qxe5 Kd3 58. Bc4+ Kxc4 59. Qd6 Kc3 60. Kg3 Kc4 61. Kf3 Kb5 62. Qc7 Kb4 63. Ke3 Kb5 64. Kd4 Kb4 65. Qb6+ Ka4 66. Kc3 Ka3 67. Qa6# 1-0

[Event "Live Chess"]
[Site "Chess.com"]
[Date "2023.05.21"]
[Round "-"]
[White "LiamClery2020"]
[Black "GEMdzq"]
[Result "0-1"]
[WhiteElo "2057"]
[BlackElo "2229"]
[TimeControl "300"]
[EndTime "16:47:10 PDT"]
[Termination "GEMdzq won by resignation"]

1. e4 d6 2. d4 Nf6 3. Nc3 g6 4.
Be3 Bg7 5. f3 c6 6. Qd2 b5 7. a3 Nbd7 8. Bh6 Bxh6 9. Qxh6 Qa5 10. Qd2 O-O 11. Nge2 e5 12. h4 h5 13. g4 exd4 14.
Nxd4 Ne5 15. g5 Ne8 16. f4 c5 17. fxe5 cxd4 18. Qxd4 dxe5 19. Qd5 Nc7 20. Qxe5 Re8 21. Qc5 Rxe4+ 22. Kf2 Rf4+ 23. Kg3 Rg4+ 24. Kf2 Bb7 25. b4 Qb6 26. Qxb6 axb6 27. Rh3 Ne6 28. Bxb5 Rg2+ 29. Kf1 Rxc2 30. Re3 Rh2 31. Ra2 Rh1+ 32. Kf2 Rxh4 33. Bd7 Nxg5 34. Rae2 Rh2+ 35. Kg1 Rxe2 36. Nxe2 Kg7 37.
Nd4 Rd8 38. Re7 Kf6 0-1

[Event "Live Chess"]
[Site "Chess.com"]
[Date "2023.05.21"]
[Round "-"]
[White "Shepherds_Pie"]
[Black "WelshTiger"]
[Result "0-1"]
[WhiteElo "1926"]
[BlackElo "2361"]
[TimeControl "300"]
[EndTime "16:47:14 PDT"]
[Termination "WelshTiger won by resignation"]

1. c4 e6 2. Nc3 d5 3. d4 c5 4.
cxd5 exd5 5. Nf3 Nc6 6. g3 Nf6 7. Bg2 Be7 8. O-O O-O 9. dxc5 d4 10. Na4 Bf5 11. Bg5 h6 12. Bd2 Be4 13. Rc1 Qd5 14. a3 Ne5 15. Nh4 Rad8 16. Bf4 Bxg2 17. Nxg2 Ng6 18.
b4 Ne4 19. Qd3 Bf6 20. f3 Ng5 21. Bxg5 hxg5 22. Nb2 Rfe8 23. Nc4 Re6 24. Nd2 Be7 25.
Ne4 f5 26. Nd6 Bxd6 27. cxd6 Rdxd6 28. Rc5 Qa2 29. Qxf5 Rxe2 30. Rc8+ Kh7 31. Qh3+ Nh4 32. Nxh4 gxh4 33. Qxh4+ Rh6 0-1

[Event "Live Chess"]
[Site "Chess.com"]
[Date "2023.05.21"]
[Round "-"]
[White "Long1968"]
[Black "mikkyb4"]
[Result "0-1"]
[WhiteElo "1132"]
[BlackElo "1037"]
[TimeControl "300"]
[EndTime "16:47:34 PDT"]
[Termination "mikkyb4 won on time"]

1. e4 g6 2. d4 Bg7 3. Nc3 d6 4. Bc4 Nc6 5. Nf3 Bg4 6. d5 Nd4 7. Be2 Bxf3 8. Bxf3 c5 9. Be3 Qb6 10.
Rb1 e5 11. O-O Ne7 12. Be2 O-O 13. Na4 Qc7 14. c3 Nxe2+ 15. Qxe2 f5 16. f3 f4 17. Bd2 a6 18. b4 b6 19. bxc5 bxc5 20. Rb3 g5 21. Rfb1 Qd7 22. Nb2 h5 23. Nc4 g4 24.
Nb6 gxf3 0-1

[Event "Live Chess"]
[Site "Chess.com"]
[Date "2023.05.21"]
[Round "-"]
[White "domrobson"]
[Black "Hussamalhaidar"]
[Result "1-0"]
[WhiteElo "1784"]
[BlackElo "1039"]
[TimeControl "300"]
[EndTime "16:47:54 PDT"]
[Termination "domrobson won by resignation"]

1. d4 e5 2. dxe5 d6 3. Nc3 dxe5 4. Qxd8+ Kxd8 5. Nf3 Nc6 6. e4 Nf6 7. Bb5 a6 8. Bxc6 bxc6 9. Nxe5 Be6 10. Nxc6+ Kd7 11. Ne5+ Kd6 12. Bf4 Ng4 13. Nxg4+ 1-0

[Event "Live Chess"]
[Site "Chess.com"]
[Date "2023.05.21"]
[Round "-"]
[White "Doge_Dandolo"]
[Black "HD_IN4k"]
[Result "1-0"]
[WhiteElo "1996"]
[BlackElo "388"]
[TimeControl "300"]
[EndTime "16:48:00 PDT"]
[Termination "Doge_Dandolo won by checkmate"]

1. Nf3 g6 2. c4 Bg7 3. Nc3 e5 4.
d4 d6 5. dxe5 dxe5 6. Qxd8+ Kxd8 7. Bg5+ Bf6 8. O-O-O+ Ke8 9. Be3 Nc6 10. Nd5 Kf8 11.
Nxc7 Rb8 12. g3 b6 13. Bg2 Rb7 14. Nd5 Rd7 15. Bh3 a5 16. Bxd7 Bxd7 17. Nxf6 Nxf6 18. Bxb6 Nb4 19. a3 Na2+ 20. Kc2 Bf5+ 21. Kb3 a4+ 22.
Kxa4 Kg7 23. Nxe5 Ra8+ 24. Kb3 Ne4 25. Kxa2 Nxf2 26. Rhf1 Nxd1 27. Rxd1 Rb8 28. c5 f6 29. Nc6 Rb7 30. Rd8 Be6+ 31. Kb1 Rd7 32. Rxd7+ Bxd7 33. Nd4 Bf5+ 34. Nxf5+ gxf5 35. c6 Kf8 36. c7 Ke7 37. c8=Q Kd6 38. Qc5+ Ke6 39. Bc7 h5 40. Qd6+ Kf7 41.
Bd8 f4 42. Qxf6+ Ke8 43. Qe7# 1-0